[ AOE2 MATCH · #505270357 ]
UnrankedMagyars vs Incas
Player's team · LOSS
Rival team · WIN
[ REPLAY ANALYSIS · EXTRACTED FROM THE RECORDED GAME ]
Feudal
8:51
Castle
30:45
Imperial
—
| APM avg | 69.8 |
| APM peak | 106 |
| eAPM avg | 24.1 |
| Villagers / military | 77 / 68 |
Focus
⚔️ 33.9% · 🌾 66.1%
Scout Cavalry ×39 · Cavalry Archer ×25 · Spearman ×3 · Mangonel ×1
Feudal
9:21
Castle
24:03
Imperial
37:48
| APM avg | 55.0 |
| APM peak | 102 |
| eAPM avg | 33.1 |
| Villagers / military | 122 / 93 |
Focus
⚔️ 42.2% · 🌾 57.8%
Spearman ×34 · Skirmisher ×33 · Kamayuk ×15 · Archer ×8 · Monk ×3
Match map
Initial resources + every placement click. Lines = walls · curves = elevation contours. ◆ gold · ⬟ stone · ● berries · ✦ relic · ◌ wall gap
Your base· Open — 3t gap
FYI Inc's base· ✓ Closed at 24:03 · 44t walls · 1 gate(s)
Smoothed initial terrain · ◌ = detected wall gap · hover for details
Inputs per minute
— OS+ | Sziky - - FYI Inc
Build order — OS+ | Sziky
First 150 of 285 actions detected
| 0:01 | Create | Villager (Male) |
| 0:02 | Build | House |
| 0:02 | Build | House |
| 0:18 | Create | Villager (Male) |
| 0:18 | Create | Villager (Male) |
| 0:18 | Create | Villager (Male) |
| 1:32 | Create | Villager (Male) |
| 1:47 | Build | Lumber Camp |
| 1:59 | Create | Villager (Male) |
| 2:18 | Create | Villager (Male) |
| 2:46 | Create | Villager (Male) |
| 2:46 | Create | Villager (Male) |
| 3:15 | Create | Villager (Male) |
| 3:33 | Create | Villager (Male) |
| 3:52 | Build | House |
| 3:53 | Build | House |
| 3:58 | Create | Villager (Male) |
| 4:04 | Create | Villager (Male) |
| 4:30 | Create | Villager (Male) |
| 4:54 | Create | Villager (Male) |
| 4:59 | Create | Villager (Male) |
| 5:13 | Build | Mill |
| 5:18 | Research | Loom |
| 6:39 | Research | Feudal Age |
| 7:31 | Build | Barracks |
| 7:42 | Create | Villager (Male) |
| 8:51 | Age | Feudal Age |
| 8:55 | Build | Stable |
| 8:59 | Create | Villager (Male) |
| 9:04 | Create | Spearman |
| 9:09 | Research | Double-Bit Axe |
| 9:09 | Research | Double-Bit Axe |
| 9:11 | Create | Villager (Male) |
| 9:32 | Create | Scout Cavalry |
| 9:41 | Create | Villager (Male) |
| 9:43 | Build | House |
| 9:44 | Build | House |
| 9:53 | Create | Scout Cavalry |
| 10:31 | Create | Scout Cavalry |
| 10:39 | Build | Farm |
| 10:45 | Build | Watch Tower |
| 10:51 | Build | House |
| 10:54 | Build | Farm |
| 10:55 | Create | Villager (Male) |
| 11:06 | Build | House |
| 11:07 | Build | House |
| 11:16 | Create | Villager (Male) |
| 11:22 | Build | Farm |
| 11:37 | Create | Villager (Male) |
| 11:50 | Build | Farm |
| 11:54 | Create | Villager (Male) |
| 12:08 | Create | Villager (Male) |
| 12:11 | Build | Mining Camp |
| 12:29 | Build | Farm |
| 12:42 | Build | Farm |
| 12:42 | Create | Scout Cavalry |
| 12:55 | Create | Villager (Male) |
| 13:14 | Create | Scout Cavalry |
| 13:23 | Build | Farm |
| 13:41 | Create | Villager (Male) |
| 13:48 | Build | House |
| 13:56 | Build | Farm |
| 13:58 | Build | Farm |
| 14:07 | Build | House |
| 14:08 | Create | Villager (Male) |
| 14:12 | Build | Watch Tower |
| 14:16 | Build | Watch Tower |
| 14:19 | Create | Scout Cavalry |
| 14:36 | Build | House |
| 14:37 | Create | Villager (Male) |
| 14:58 | Create | Scout Cavalry |
| 15:14 | Create | Scout Cavalry |
| 15:22 | Create | Villager (Male) |
| 15:36 | Build | Watch Tower |
| 15:39 | Create | Scout Cavalry |
| 15:41 | Create | Villager (Male) |
| 15:48 | Build | House |
| 16:08 | Build | Farm |
| 16:09 | Build | Farm |
| 16:12 | Build | Farm |
| 16:22 | Create | Villager (Male) |
| 16:38 | Create | Scout Cavalry |
| 16:45 | Create | Villager (Male) |
| 16:50 | Build | Blacksmith |
| 16:59 | Create | Villager (Male) |
| 17:03 | Create | Villager (Male) |
| 17:05 | Build | Farm |
| 17:06 | Build | Farm |
| 17:14 | Create | Scout Cavalry |
| 17:23 | Build | House |
| 17:24 | Build | Palisade Wall |
| 17:46 | Create | Scout Cavalry |
| 17:56 | Research | Fletching |
| 17:56 | Research | Fletching |
| 18:14 | Build | Farm |
| 18:15 | Create | Villager (Male) |
| 18:17 | Build | Lumber Camp |
| 18:21 | Create | Scout Cavalry |
| 18:37 | Build | Watch Tower |
| 18:41 | Build | Watch Tower |
| 18:42 | Create | Villager (Male) |
| 18:49 | Create | Villager (Male) |
| 18:59 | Build | Farm |
| 19:04 | Create | Scout Cavalry |
| 19:16 | Build | Farm |
| 19:17 | Build | Farm |
| 19:21 | Create | Scout Cavalry |
| 19:32 | Create | Villager (Male) |
| 19:35 | Build | Farm |
| 19:47 | Create | Villager (Male) |
| 19:49 | Build | Farm |
| 20:00 | Create | Scout Cavalry |
| 20:12 | Create | Scout Cavalry |
| 20:15 | Build | Stable |
| 20:23 | Create | Villager (Male) |
| 20:26 | Build | Farm |
| 20:28 | Build | Farm |
| 21:00 | Create | Scout Cavalry |
| 21:06 | Create | Villager (Male) |
| 21:19 | Create | Villager (Male) |
| 21:21 | Build | Farm |
| 21:22 | Build | Farm |
| 21:24 | Build | Farm |
| 21:25 | Create | Villager (Male) |
| 21:37 | Create | Scout Cavalry |
| 21:40 | Create | Scout Cavalry |
| 21:41 | Create | Scout Cavalry |
| 21:52 | Build | Mining Camp |
| 21:59 | Build | Farm |
| 22:00 | Create | Scout Cavalry |
| 22:09 | Create | Villager (Male) |
| 22:18 | Create | Villager (Male) |
| 22:23 | Build | Farm |
| 22:25 | Create | Scout Cavalry |
| 22:37 | Build | Watch Tower |
| 22:47 | Build | Farm |
| 22:49 | Research | Scale Barding Armor |
| 23:01 | Create | Scout Cavalry |
| 23:04 | Build | House |
| 23:06 | Build | House |
| 23:10 | Create | Villager (Male) |
| 23:15 | Create | Scout Cavalry |
| 23:30 | Create | Scout Cavalry |
| 23:37 | Create | Villager (Male) |
| 23:48 | Create | Scout Cavalry |
| 23:48 | Create | Scout Cavalry |
| 23:57 | Create | Villager (Male) |
| 23:58 | Build | Farm |
| 24:08 | Create | Villager (Male) |
| 24:11 | Create | Villager (Male) |
Build order — FYI Inc
First 150 of 356 actions detected
| 0:00 | Create | Villager (Male) |
| 0:01 | Create | Villager (Male) |
| 0:02 | Build | House |
| 0:03 | Build | House |
| 0:05 | Create | Villager (Male) |
| 0:16 | Create | Villager (Male) |
| 0:16 | Create | Villager (Male) |
| 1:26 | Create | Villager (Male) |
| 1:59 | Create | Villager (Male) |
| 2:13 | Create | Villager (Male) |
| 2:25 | Build | Settlement |
| 2:48 | Create | Villager (Male) |
| 2:49 | Create | Villager (Male) |
| 2:50 | Create | Villager (Male) |
| 3:05 | Build | Palisade Wall |
| 3:06 | Build | Palisade Wall |
| 3:06 | Build | Palisade Wall |
| 3:07 | Build | Palisade Wall |
| 3:40 | Create | Villager (Male) |
| 3:40 | Create | Villager (Male) |
| 4:04 | Build | Palisade Wall |
| 4:18 | Build | Palisade Wall |
| 4:25 | Create | Villager (Male) |
| 4:43 | Create | Villager (Male) |
| 4:44 | Create | Villager (Male) |
| 4:44 | Create | Villager (Male) |
| 5:19 | Build | Palisade Wall |
| 5:39 | Create | Villager (Male) |
| 6:08 | Create | Villager (Male) |
| 6:24 | Research | Loom |
| 6:33 | Build | Palisade Wall |
| 6:47 | Build | Palisade Wall |
| 7:11 | Research | Feudal Age |
| 7:26 | Build | Barracks |
| 8:03 | Build | Palisade Gate |
| 8:22 | Build | House |
| 8:25 | Build | Palisade Wall |
| 8:30 | Build | Palisade Wall |
| 9:16 | Build | Settlement |
| 9:21 | Create | Villager (Male) |
| 9:21 | Age | Feudal Age |
| 9:24 | Research | Double-Bit Axe |
| 9:24 | Research | Double-Bit Axe |
| 9:27 | Create | Spearman |
| 9:33 | Create | Villager (Male) |
| 10:00 | Create | Villager (Male) |
| 10:11 | Build | Archery Range |
| 10:25 | Create | Villager (Male) |
| 10:33 | Create | Spearman |
| 10:41 | Create | Villager (Male) |
| 10:48 | Build | Watch Tower |
| 11:10 | Create | Villager (Male) |
| 11:11 | Create | Spearman |
| 11:23 | Create | Villager (Male) |
| 11:28 | Create | Archer |
| 11:52 | Build | Farm |
| 11:53 | Build | Farm |
| 12:13 | Create | Villager (Male) |
| 12:17 | Create | Skirmisher |
| 12:20 | Build | Farm |
| 12:25 | Create | Spearman |
| 12:39 | Build | Farm |
| 12:41 | Create | Villager (Male) |
| 12:45 | Create | Villager (Male) |
| 12:47 | Build | Farm |
| 12:57 | Create | Skirmisher |
| 13:06 | Create | Spearman |
| 13:09 | Create | Villager (Male) |
| 13:14 | Build | Farm |
| 13:38 | Build | Farm |
| 13:38 | Create | Villager (Male) |
| 13:54 | Create | Skirmisher |
| 13:57 | Create | Villager (Male) |
| 14:06 | Create | Spearman |
| 14:09 | Build | Palisade Wall |
| 14:15 | Build | Farm |
| 14:18 | Create | Archer |
| 14:19 | Create | Villager (Male) |
| 14:57 | Create | Archer |
| 15:03 | Create | Villager (Male) |
| 15:08 | Create | Archer |
| 15:20 | Create | Spearman |
| 15:24 | Build | Blacksmith |
| 15:27 | Build | Farm |
| 15:27 | Create | Villager (Male) |
| 15:38 | Create | Spearman |
| 15:45 | Create | Villager (Male) |
| 15:58 | Build | Settlement |
| 16:09 | Create | Archer |
| 16:21 | Create | Spearman |
| 16:37 | Create | Archer |
| 16:37 | Create | Villager (Male) |
| 16:42 | Research | Fletching |
| 16:43 | Create | Spearman |
| 16:48 | Build | Farm |
| 16:55 | Build | House |
| 16:56 | Build | House |
| 17:02 | Build | Palisade Wall |
| 17:05 | Create | Villager (Male) |
| 17:18 | Create | Villager (Male) |
| 17:30 | Build | Palisade Wall |
| 17:45 | Create | Spearman |
| 17:48 | Create | Villager (Male) |
| 17:52 | Build | Settlement |
| 18:04 | Create | Spearman |
| 18:12 | Create | Villager (Male) |
| 18:13 | Build | Farm |
| 18:27 | Build | Farm |
| 18:33 | Create | Villager (Male) |
| 18:50 | Build | Farm |
| 19:11 | Research | Wheelbarrow |
| 19:31 | Create | Archer |
| 19:47 | Create | Villager (Male) |
| 19:56 | Build | Farm |
| 19:58 | Build | Farm |
| 19:59 | Build | Farm |
| 20:03 | Build | Farm |
| 20:16 | Create | Archer |
| 20:41 | Build | Barracks |
| 21:04 | Build | Farm |
| 21:04 | Build | Farm |
| 21:23 | Research | Castle Age |
| 21:23 | Research | Castle Age |
| 21:27 | Create | Spearman |
| 21:39 | Create | Spearman |
| 21:39 | Create | Spearman |
| 21:49 | Research | Scale Mail Armor |
| 21:49 | Research | Scale Mail Armor |
| 21:56 | Create | Spearman |
| 21:56 | Create | Spearman |
| 22:04 | Create | Spearman |
| 22:04 | Create | Spearman |
| 22:20 | Research | Horse Collar |
| 22:20 | Research | Horse Collar |
| 22:27 | Create | Spearman |
| 22:27 | Create | Spearman |
| 22:45 | Build | Farm |
| 23:02 | Research | Forging |
| 23:02 | Research | Forging |
| 23:39 | Create | Spearman |
| 23:53 | Create | Spearman |
| 23:54 | Create | Spearman |
| 24:02 | Create | Spearman |
| 24:03 | Age | Castle Age |
| 24:05 | Create | Villager (Male) |
| 24:06 | Create | Spearman |
| 24:07 | Create | Spearman |
| 24:27 | Create | Villager (Male) |
| 24:32 | Create | Villager (Male) |
| 24:34 | Research | Chain Mail Armor |
Match timeline
| 3:05 | FYI Inc · wall_segment Palisade Wall x1 |
| 3:06 | FYI Inc · wall_segment Palisade Wall x1 |
| 3:06 | FYI Inc · wall_segment Palisade Wall x1 |
| 3:07 | FYI Inc · wall_segment Palisade Wall x1 |
| 4:04 | FYI Inc · wall_segment Palisade Wall x5 |
| 4:18 | FYI Inc · wall_segment Palisade Wall x10 |
| 5:19 | FYI Inc · wall_segment Palisade Wall x12 |
| 6:33 | FYI Inc · wall_segment Palisade Wall x5 |
| 6:47 | FYI Inc · wall_segment Palisade Wall x6 |
| 7:26 | FYI Inc · first_building Barracks |
| 7:31 | OS+ | Sziky · first_building Barracks |
| 8:25 | FYI Inc · wall_segment Palisade Wall x1 |
| 8:30 | FYI Inc · wall_segment Palisade Wall x1 |
| 8:51 | OS+ | Sziky · age_up feudal |
| 8:55 | OS+ | Sziky · first_building Stable |
| 9:21 | FYI Inc · age_up feudal |
| 10:11 | FYI Inc · first_building Archery Range |
| 14:09 | FYI Inc · wall_segment Palisade Wall x1 |
| 17:02 | FYI Inc · wall_segment Palisade Wall x1 |
| 17:24 | OS+ | Sziky · wall_segment Palisade Wall x3 |
| 17:30 | FYI Inc · wall_segment Palisade Wall x1 |
| 24:03 | FYI Inc · age_up castle |
| 26:14 | FYI Inc · first_building Monastery |
| 26:28 | FYI Inc · first_building Castle |
| 27:17 | OS+ | Sziky · first_market_sell 500 stone |
| 27:18 | OS+ | Sziky · first_market_buy 100 food |
| 27:45 | OS+ | Sziky · first_building Archery Range |
| 28:01 | OS+ | Sziky · wall_segment Palisade Wall x19 |
| 28:03 | OS+ | Sziky · wall_segment Palisade Wall x1 |
| 28:03 | OS+ | Sziky · wall_segment Palisade Wall x1 |
| 28:04 | OS+ | Sziky · wall_segment Palisade Wall x1 |
| 28:05 | OS+ | Sziky · wall_segment Palisade Wall x1 |
| 30:41 | FYI Inc · wall_segment Palisade Wall x1 |
| 30:45 | OS+ | Sziky · age_up castle |
| 31:13 | OS+ | Sziky · wall_segment Palisade Wall x1 |
| 31:16 | OS+ | Sziky · wall_segment Palisade Wall x1 |
| 31:42 | OS+ | Sziky · wall_segment Palisade Wall x1 |
| 33:50 | FYI Inc · wall_segment Stone Wall x1 |
| 34:01 | OS+ | Sziky · first_building Siege Workshop |
| 34:32 | FYI Inc · first_market_buy 100 food |
| 37:48 | FYI Inc · age_up imperial |
| 37:57 | OS+ | Sziky · resign |
[ AI ANALYSIS · 1 CREDIT ]
What really happened in this match?
Wolo.gg analyzes every decision: build order, eco, micro, common mistakes by bracket. Personalized analysis on WhatsApp or Discord in 30 seconds.
Civ guide
Magyars
Perfil
Sziky (OS+ | Sziky)